PAAA
ELLENBURG FIGHTING DACHSUNDS @ JERSEY CITY TRITONS
08/07/2033
 
TOP OF THE 1ST
Ellenburg Fighting Dachsunds batting - Pitching for Jersey City Tritons : RHP Cory Sanders
Pitching: RHP Cory Sanders
Batting: SHB Theron Montecalvo 0-0: Fly out, F9 (Line Drive, 89M)
Batting: RHB José Vázquez 0-0: Ball
1-0: Ball
2-0: Ball
3-0: Called Strike
3-1: Base on Balls
Batting: SHB Ben Boston 0-0: Called Strike
0-1: DOUBLE (Line Drive, 89M)
José Vázquez to third
Batting: LHB Vladya Pugiev 0-0: Ball
1-0: Swinging Strike
1-1: Swinging Strike
1-2: Hit by Pitch
Batting: RHB Alan McLennan 0-0: Ball
1-0: Called Strike
1-1: Ball
2-1: Swinging Strike
2-2: Foul Ball, location: 2F
2-2: Fly out, F6 (Popup, 6)
Batting: LHB Locke Lamora 0-0: Ball
1-0: Ground out U3 (Groundball, 34)
Top of the 1st over - 0 runs, 1 hit, 0 errors, 3 left on base; Ellenburg 0 - Jersey City 0
BOTTOM OF THE 1ST
Jersey City Tritons batting - Pitching for Ellenburg Fighting Dachsunds : RHP Pedro Castro
Pitching: RHP Pedro Castro
Batting: RHB Steven Rohrs 0-0: Foul Ball, location: 2F
0-1: Swinging Strike
0-2: Ball
1-2: Ground out 6-3 (Groundball, 6M)
Batting: LHB Bart Walton 0-0: Ground out 5-3 (Groundball, 56)
Batting: LHB Dana Waldrip 0-0: Ball
1-0: Ball
2-0: Ball
3-0: Base on Balls
Batting: LHB Shelby Noonan 0-0: Called Strike
0-1: Ball
1-1: Ball
2-1: Fly out, F6 (Line Drive, 6MD)
Bottom of the 1st over - 0 runs, 0 hits, 0 errors, 1 left on base; Ellenburg 0 - Jersey City 0
TOP OF THE 2ND
Ellenburg Fighting Dachsunds batting - Pitching for Jersey City Tritons : RHP Cory Sanders
Batting: RHB Oscar McMillan 0-0: Called Strike
0-1: Ball
1-1: Foul Ball, location: 2F
1-2: Ball
2-2: Foul Ball, location: 2F
2-2: Ball
3-2: Base on Balls
Batting: LHB Vicente Castaneda 0-0: Ball
1-0: Called Strike
1-1: Ball
2-1: SINGLE (Line Drive, 6D)
Oscar McMillan to second
Runner from 2nd tries for 3rd, SAFE, no throw
Batting: RHB Hugo Rampley 0-0: Fly out, F9 (Line Drive, 89S)
Runner from 3rd tags up, SCORES, no throw
Batting: SHB Theron Montecalvo 0-0: Ball
1-0: Called Strike
1-1: Ball
2-1: Fielders Choice at 2nd, 1-6 (Groundball, 13S)
Batting: RHB José Vázquez 0-0: Ball
1-0: Foul Ball, location: 2F
1-1: Ground out 6-3 (Groundball, 56)
Top of the 2nd over - 1 run, 1 hit, 0 errors, 1 left on base; Ellenburg 1 - Jersey City 0
BOTTOM OF THE 2ND
Jersey City Tritons batting - Pitching for Ellenburg Fighting Dachsunds : RHP Pedro Castro
Batting: RHB Carlos Rúbio 0-0: SOLO HOME RUN (Line Drive, 7LD), Distance : 357 ft
Batting: RHB Rand McNally 0-0: Ball
1-0: Foul Ball, location: 2F
1-1: Bunt missed!
1-2: Strikes out swinging
Batting: LHB Bartholomew Bailey 0-0: Swinging Strike
0-1: Foul Ball, location: 2F
0-2: Ball
1-2: Ball
2-2: Ball
3-2: Fly out, F7 (Flyball, 7LM)
Batting: RHB Brian Moring 0-0: Ball
1-0: Ball
2-0: Ground out 3-1 (Groundball, 34S)
Bottom of the 2nd over - 1 run, 1 hit, 0 errors, 0 left on base; Ellenburg 1 - Jersey City 1
TOP OF THE 3RD
Ellenburg Fighting Dachsunds batting - Pitching for Jersey City Tritons : RHP Cory Sanders
Batting: SHB Ben Boston 0-0: Called Strike
0-1: Ground out 4-3 (Groundball, 4)
Batting: LHB Vladya Pugiev 0-0: Swinging Strike
0-1: Ball
1-1: Ball
2-1: Foul Ball, location: 2F
2-2: Strikes out swinging
Batting: RHB Alan McLennan 0-0: Ball
1-0: Ball
2-0: Foul Ball, location: 2F
2-1: Called Strike
2-2: Ball
3-2: Strikes out swinging
Top of the 3rd over - 0 runs, 0 hits, 0 errors, 0 left on base; Ellenburg 1 - Jersey City 1
BOTTOM OF THE 3RD
Jersey City Tritons batting - Pitching for Ellenburg Fighting Dachsunds : RHP Pedro Castro
Batting: LHB Rio Mence 0-0: Fly out, F8 (Flyball, 8RM)
Batting: RHB Steven Rohrs 0-0: Ball
1-0: Ball
2-0: TRIPLE (Flyball, 9D)
Batting: LHB Bart Walton 0-0: Ball
1-0: Foul Ball, location: 2F
1-1: Foul Ball, location: 2F
1-2: Ground out U3 (Groundball, 3S)
Steven Rohrs scores
Batting: LHB Dana Waldrip 0-0: Ball
1-0: Ball
2-0: DOUBLE (Line Drive, 9LM)
Batting: LHB Shelby Noonan 0-0: Swinging Strike
0-1: Called Strike
0-2: Ground out 4-3 (Groundball, 4M)
Bottom of the 3rd over - 1 run, 2 hits, 0 errors, 1 left on base; Ellenburg 1 - Jersey City 2
TOP OF THE 4TH
Ellenburg Fighting Dachsunds batting - Pitching for Jersey City Tritons : RHP Cory Sanders
Batting: LHB Locke Lamora 0-0: Ball
1-0: Ball
2-0: Swinging Strike
2-1: Foul Ball, location: 2F
2-2: Foul Ball, location: 2F
2-2: DOUBLE (Flyball, 78D)
Batting: RHB Oscar McMillan 0-0: Called Strike
0-1: Called Strike
0-2: Ball
1-2: Reached on error, E8 (Flyball, 89D)
Locke Lamora scores
Batting: LHB Vicente Castaneda 0-0: Foul Ball, location: 2F
0-1: Swinging Strike
0-2: Ball
1-2: Foul Ball, location: 2F
1-2: Ball
2-2: Strikes out swinging
Batting: RHB Hugo Rampley 0-0: Called Strike
Oscar McMillan steals 3rd base
0-1: Ground out 5-3 (Groundball, 56)
Oscar McMillan scores
Batting: SHB Theron Montecalvo 0-0: Called Strike
0-1: Foul Ball, location: 2F
0-2: Ball
1-2: Fly out, F3 (Popup, 34)
Top of the 4th over - 2 runs, 1 hit, 1 error, 0 left on base; Ellenburg 3 - Jersey City 2
BOTTOM OF THE 4TH
Jersey City Tritons batting - Pitching for Ellenburg Fighting Dachsunds : RHP Pedro Castro
Batting: RHB Carlos Rúbio 0-0: Called Strike
0-1: Swinging Strike
0-2: Ball
1-2: Strikes out looking
Batting: RHB Rand McNally 0-0: Swinging Strike
0-1: Ball
1-1: Ground out U3 (Groundball, 3L)
Batting: LHB Bartholomew Bailey 0-0: Ball
1-0: Ball
2-0: Ball
3-0: Called Strike
3-1: Base on Balls
Batting: RHB Brian Moring 0-0: Ball
1-0: Called Strike
1-1: Called Strike
1-2: Ball
2-2: Ball
3-2: Base on Balls
Bartholomew Bailey to second
Batting: LHB Rio Mence 0-0: Ball
1-0: Fly out, F8 (Flyball, 8RS)
Bottom of the 4th over - 0 runs, 0 hits, 0 errors, 2 left on base; Ellenburg 3 - Jersey City 2
TOP OF THE 5TH
Ellenburg Fighting Dachsunds batting - Pitching for Jersey City Tritons : RHP Cory Sanders
Batting: RHB José Vázquez 0-0: Called Strike
0-1: Ground out 5-3 (Groundball, 56S)
Batting: SHB Ben Boston 0-0: Ball
1-0: Foul Ball, location: 2F
1-1: Ball
2-1: Foul Ball, location: 2F
2-2: Strikes out swinging
Batting: LHB Vladya Pugiev 0-0: Ball
1-0: Swinging Strike
1-1: Called Strike
1-2: SINGLE (Groundball, 6MD)
Batting: RHB Alan McLennan 0-0: Ball
Vladya Pugiev is caught stealing 2nd base
Top of the 5th over - 0 runs, 1 hit, 0 errors, 0 left on base; Ellenburg 3 - Jersey City 2
BOTTOM OF THE 5TH
Jersey City Tritons batting - Pitching for Ellenburg Fighting Dachsunds : RHP Pedro Castro
Batting: RHB Steven Rohrs 0-0: Ball
1-0: Ball
2-0: Ball
3-0: Base on Balls
Batting: LHB Bart Walton 0-0: Foul Ball, location: 2F
0-1: Sac Bunt - play at first, batter OUT! 1-3
Steven Rohrs to second
Batting: LHB Dana Waldrip 0-0: Ball
Steven Rohrs is caught stealing 3rd base
1-0: Ball
2-0: Called Strike
2-1: Swinging Strike
2-2: Fly out, F9 (Flyball, 9LS)
Bottom of the 5th over - 0 runs, 0 hits, 0 errors, 0 left on base; Ellenburg 3 - Jersey City 2
TOP OF THE 6TH
Ellenburg Fighting Dachsunds batting - Pitching for Jersey City Tritons : RHP Cory Sanders
Batting: RHB Alan McLennan 0-0: Called Strike
0-1: Swinging Strike
0-2: SINGLE (Line Drive, 4)
Batting: LHB Locke Lamora 0-0: Sac Bunt - play at first, batter OUT! U3
Alan McLennan to second
Batting: RHB Oscar McMillan 0-0: Called Strike
0-1: Ball
1-1: Foul Ball, location: 2F
1-2: Strikes out swinging
Batting: LHB Vicente Castaneda 0-0: Called Strike
0-1: Called Strike
0-2: Fly out, F8 (Flyball, 8LM)
Top of the 6th over - 0 runs, 1 hit, 0 errors, 1 left on base; Ellenburg 3 - Jersey City 2
BOTTOM OF THE 6TH
Jersey City Tritons batting - Pitching for Ellenburg Fighting Dachsunds : RHP Pedro Castro
Batting: LHB Shelby Noonan 0-0: Foul Ball, location: 2F
0-1: Foul Ball, location: 2F
0-2: Ground out 6-3 (Groundball, 6)
Batting: RHB Carlos Rúbio 0-0: Ball
1-0: Ball
2-0: Called Strike
2-1: Swinging Strike
2-2: Ball
3-2: Ground out 6-3 (Groundball, 6)
Batting: RHB Rand McNally 0-0: Foul Ball, location: 2F
0-1: Foul Ball, location: 2F
0-2: Ball
1-2: Foul Ball, location: 2F
1-2: Ball
2-2: Ball
3-2: Base on Balls
Batting: LHB Bartholomew Bailey 0-0: DOUBLE (Line Drive, 89D)
Rand McNally to third
Batting: RHB Brian Moring 0-0: DOUBLE (Line Drive, 89M)
Rand McNally scores
Bartholomew Bailey scores
Batting: LHB Rio Mence 0-0: Ball
1-0: Called Strike
1-1: Foul Ball, location: 2F
1-2: SINGLE (Flyball, 78S)
Brian Moring to third
Runner from 3rd tries for Home, SAFE, no throw
Batting: RHB Steven Rohrs 0-0: Foul Ball, location: 2F
0-1: Ball
1-1: Foul Ball, location: 2F
1-2: Ball
2-2: Ball
3-2: Base on Balls
Rio Mence to second
Batting: LHB Bart Walton 0-0: Called Strike
0-1: Foul Ball, location: 2F
0-2: Fly out, F9 (Line Drive, 9S)
Bottom of the 6th over - 3 runs, 3 hits, 0 errors, 2 left on base; Ellenburg 3 - Jersey City 5
TOP OF THE 7TH
Ellenburg Fighting Dachsunds batting - Pitching for Jersey City Tritons : RHP Cory Sanders
Batting: RHB Hugo Rampley 0-0: Ball
1-0: Ball
2-0: Ground out 4-3 (Groundball, 4)
Pitching: RHP Juan Valdéz
Batting: SHB Theron Montecalvo 0-0: Called Strike
0-1: SINGLE (Line Drive, 4D)
Batting: RHB José Vázquez 0-0: Ball
1-0: Called Strike
1-1: Ball
2-1: Ground out 5-3 (Groundball, 5S)
Theron Montecalvo to second
Batting: SHB Ben Boston 0-0: Ball
1-0: Ball
2-0: Called Strike
2-1: Ball
3-1: Base on Balls
Batting: LHB Vladya Pugiev 0-0: Ball
Wild Pitch!
Theron Montecalvo to third
Ben Boston to second
1-0: Called Strike
1-1: Ball
2-1: Ground out 6-3 (Groundball, 6)
Top of the 7th over - 0 runs, 1 hit, 0 errors, 2 left on base; Ellenburg 3 - Jersey City 5
BOTTOM OF THE 7TH
Jersey City Tritons batting - Pitching for Ellenburg Fighting Dachsunds : RHP Pedro Castro
Batting: LHB Dana Waldrip 0-0: Called Strike
0-1: Ball
1-1: Ball
2-1: Called Strike
2-2: Foul Ball, location: 2F
2-2: Foul Ball, location: 2F
2-2: SINGLE (Groundball, 5D)
Pitching: LHP Cristo Rodríguez
Batting: LHB Shelby Noonan 0-0: Called Strike
0-1: Ball
1-1: Ball
2-1: Ball
3-1: Foul Ball, location: 2F
3-2: Strikes out looking
Batting: RHB Carlos Rúbio 0-0: Ball
1-0: Ball
2-0: Called Strike
2-1: Foul Ball, location: 2F
2-2: Ball
Dana Waldrip steals 2nd base
3-2: Intentional Walk
Batting: RHB Rand McNally 0-0: Ball
1-0: Fly out, F8 (Flyball, 8RM)
Pinch Hitting: RHB Julián Salcido 0-0: Foul Ball, location: 2F
0-1: Ball
1-1: Swinging Strike
1-2: Ball
2-2: SINGLE (Line Drive, 4MD)
Dana Waldrip to third
Carlos Rúbio to second
Batting: RHB Brian Moring 0-0: Ball
1-0: Ball
2-0: Called Strike
2-1: Swinging Strike
2-2: Foul Ball, location: 2F
2-2: Ball
3-2: Ground out 5-3 (Groundball, 56)
Bottom of the 7th over - 0 runs, 2 hits, 0 errors, 3 left on base; Ellenburg 3 - Jersey City 5
TOP OF THE 8TH
Ellenburg Fighting Dachsunds batting - Pitching for Jersey City Tritons : RHP Juan Valdéz
Now at 2B: Anastasio Hernández
Batting: RHB Alan McLennan 0-0: Ball
1-0: Ball
2-0: Ball
3-0: Called Strike
3-1: SOLO HOME RUN (Flyball, 9LD), Distance : 357 ft
Batting: LHB Locke Lamora 0-0: Ground out 1-3 (Groundball, P)
Batting: RHB Oscar McMillan 0-0: Called Strike
0-1: Ball
1-1: Foul Ball, location: 2F
1-2: Foul Ball, location: 2F
1-2: Ground out 5-3 (Groundball, 5L)
Batting: LHB Vicente Castaneda 0-0: Called Strike
0-1: Ground out 4-3 (Groundball, 4)
Top of the 8th over - 1 run, 1 hit, 0 errors, 0 left on base; Ellenburg 4 - Jersey City 5
BOTTOM OF THE 8TH
Jersey City Tritons batting - Pitching for Ellenburg Fighting Dachsunds : LHP Cristo Rodríguez
Batting: LHB Rio Mence 0-0: Ball
1-0: Ball
2-0: Ball
3-0: Called Strike
3-1: Base on Balls
Batting: RHB Steven Rohrs 0-0: Bunt - Flyout! F5
Batting: LHB Bart Walton 0-0: Foul Ball, location: 2F
0-1: Ball
1-1: Ball
2-1: Ball
3-1: Base on Balls
Rio Mence to second
Pinch Hitting: RHB Jorge Rodríguez 0-0: Swinging Strike
0-1: Ball
1-1: Fly out, F7 (Flyball, 7S)
Batting: LHB Shelby Noonan 0-0: Ball
1-0: SINGLE (Groundball, 34D)
Rio Mence to third
Bart Walton to second
Runner from 3rd tries for Home, SAFE, no throw
Batting: RHB Carlos Rúbio 0-0: 3-RUN HOME RUN (Flyball, 78XD), Distance : 415 ft
Pitching: RHP Jorge Cantú
Batting: RHB Rand McNally 0-0: Ball
1-0: TRIPLE (Flyball, 89XD)
Batting: RHB Anastasio Hernández 0-0: Ball
1-0: Swinging Strike
1-1: Ball
2-1: Foul Ball, location: 2F
2-2: Foul Ball, location: 2F
2-2: Ball
3-2: Foul Ball, location: 2F
3-2: Ground out 5-3 (Groundball, 56S)
Bottom of the 8th over - 4 runs, 3 hits, 0 errors, 1 left on base; Ellenburg 4 - Jersey City 9
TOP OF THE 9TH
Ellenburg Fighting Dachsunds batting - Pitching for Jersey City Tritons : RHP Juan Valdéz
Now at C: Alfonso Morín
Now at 1B: Víctor Robledo
Now at SS: Micheal Lovell
Batting: RHB Hugo Rampley 0-0: Ball
1-0: Ball
2-0: Ball
3-0: Foul Ball, location: 2F
3-1: Swinging Strike
3-2: SOLO HOME RUN (Flyball, 7LD), Distance : 363 ft
Pitching: RHP Jason Martin
Batting: SHB Theron Montecalvo 0-0: Fly out, F3 (Line Drive, 34)
Batting: RHB José Vázquez 0-0: Foul Ball, location: 2F
0-1: Ball
1-1: Foul Ball, location: 2F
1-2: Strikes out swinging
Batting: SHB Ben Boston 0-0: Ball
1-0: Ball
2-0: Ground out 4-3 (Groundball, 4)
Top of the 9th over - 1 run, 1 hit, 0 errors, 0 left on base; Ellenburg 5 - Jersey City 9
Saturday, December 22nd, 2018 - OOTP Baseball 18.8 Build 76